BR (22 & UNDER)
PUEBLO PRAIRIE DOGS @ CLEARWATER CRAB PEOPLE
09/16/2028
 
TOP OF THE 1ST
Pueblo Prairie Dogs batting - Pitching for Clearwater Crab People : LHP David Bryant
Pitching: LHP David Bryant
Batting: RHB Steve Murphy 0-0: Ball
1-0: Ball
2-0: Fly out, F4 (Line Drive, 4)
Batting: RHB Dan Crowder 0-0: Ball
1-0: Called Strike
1-1: Foul Ball, location: 2F
1-2: Strikes out swinging
Batting: RHB José Zumaya 0-0: Ball
1-0: Called Strike
1-1: Called Strike
1-2: Ball
2-2: Ball
3-2: Strikes out looking
Top of the 1st over - 0 run(s), 0 hit(s), 0 error(s), 0 left on base; Pueblo 0 - Clearwater 0
BOTTOM OF THE 1ST
Clearwater Crab People batting - Pitching for Pueblo Prairie Dogs : RHP Raúl Vallejo
Pitching: RHP Raúl Vallejo
Batting: RHB José Rodríguez 0-0: Ball
1-0: Ball
2-0: Ball
3-0: Called Strike
3-1: Reached on error, E4 (Line Drive, 4)
Batting: RHB Glen Madden 0-0: Ball
1-0: Called Strike
1-1: Ball
2-1: Foul Ball, location: 2F
2-2: Strikes out swinging
Batting: LHB Greg MacCanish 0-0: Ball
1-0: Called Strike
1-1: Foul Ball, location: 2F
1-2: Ball
José Rodríguez steals 2nd base
2-2: Ball
3-2: Fly out, F3 (Line Drive, 3)
Batting: LHB Stanley Smith 0-0: Called Strike
0-1: Ball
1-1: SINGLE (Groundball, 3S) (infield hit)
José Rodríguez to third
Batting: SHB Pete Jones 0-0: Ball
1-0: Called Strike
1-1: SINGLE (Groundball, 4MD)
José Rodríguez scores
Stanley Smith to second
Batting: RHB Brandon Davis 0-0: Ball
1-0: Ball
2-0: Ball
3-0: Base on Balls
Stanley Smith to third
Pete Jones to second
Batting: RHB Garry Taylor 0-0: Foul Ball, location: 2F
0-1: Ball
1-1: Ball
2-1: Ball
3-1: Base on Balls
Stanley Smith scores
Pete Jones to third
Brandon Davis to second
Batting: LHB Ryan Martin 0-0: Ball
1-0: Fly out, F9 (Flyball, 9S)
Bottom of the 1st over - 2 run(s), 2 hit(s), 1 error(s), 3 left on base; Pueblo 0 - Clearwater 2
TOP OF THE 2ND
Pueblo Prairie Dogs batting - Pitching for Clearwater Crab People : LHP David Bryant
Batting: RHB David Adams 0-0: Ball
1-0: Swinging Strike
1-1: Foul Ball, location: 2F
1-2: Ground out 6-3 (Groundball, 6M)
Batting: RHB Manny Herrera 0-0: Ball
1-0: Swinging Strike
1-1: Ball
2-1: Foul Ball, location: 2F
2-2: Ground out 5-3 (Groundball, 56)
Batting: LHB Bartholomeu Marrafa 0-0: Fly out, F7 (Flyball, 7)
Top of the 2nd over - 0 run(s), 0 hit(s), 0 error(s), 0 left on base; Pueblo 0 - Clearwater 2
BOTTOM OF THE 2ND
Clearwater Crab People batting - Pitching for Pueblo Prairie Dogs : RHP Raúl Vallejo
Batting: RHB Bobby Burks 0-0: Called Strike
0-1: Ball
1-1: Swinging Strike
1-2: Strikes out swinging
Batting: RHB José Rodríguez 0-0: Ball
1-0: Swinging Strike
1-1: Ball
2-1: Ball
3-1: Base on Balls
Batting: RHB Glen Madden 0-0: Called Strike
0-1: Called Strike
José Rodríguez steals 2nd base
0-2: Fly out, F9 (Flyball, 9)
Batting: LHB Greg MacCanish 0-0: Called Strike
0-1: Swinging Strike
0-2: Strikes out swinging
Bottom of the 2nd over - 0 run(s), 0 hit(s), 0 error(s), 1 left on base; Pueblo 0 - Clearwater 2
TOP OF THE 3RD
Pueblo Prairie Dogs batting - Pitching for Clearwater Crab People : LHP David Bryant
Batting: RHB Carlos Villagrama 0-0: Called Strike
0-1: Swinging Strike
0-2: Foul Ball, location: 2F
0-2: Strikes out looking
Batting: RHB Eric Barthorpe 0-0: Called Strike
0-1: Ball
1-1: Foul Ball, location: 2F
1-2: Ball
2-2: SOLO HOME RUN (Flyball, 9D), Distance : 394 ft
Batting: RHB Jared Williamson 0-0: Ball
1-0: Fly out, F7 (Flyball, 7)
Batting: RHB Steve Murphy 0-0: Fly out, F4 (Popup, 34D)
Top of the 3rd over - 1 run(s), 1 hit(s), 0 error(s), 0 left on base; Pueblo 1 - Clearwater 2
BOTTOM OF THE 3RD
Clearwater Crab People batting - Pitching for Pueblo Prairie Dogs : RHP Raúl Vallejo
Batting: LHB Stanley Smith 0-0: Ball
1-0: Ball
2-0: Called Strike
2-1: SINGLE (Line Drive, 9S)
Batting: SHB Pete Jones 0-0: Ball
1-0: SINGLE (Groundball, 4D)
Stanley Smith to second
Runner from 2nd tries for 3rd, SAFE, no throw
Batting: RHB Brandon Davis 0-0: Swinging Strike
0-1: Ball
1-1: Ball
2-1: SINGLE (Line Drive, 6M)
Stanley Smith scores
Pete Jones to second
Batting: RHB Garry Taylor 0-0: Called Strike
0-1: Foul Ball, location: 2F
0-2: Foul Ball, location: 2F
0-2: Strikes out looking
Batting: LHB Ryan Martin 0-0: Called Strike
0-1: SINGLE (Line Drive, 8LS)
Pete Jones to third
Brandon Davis to second
Batting: RHB Bobby Burks 0-0: Ball
1-0: Ball
2-0: Swinging Strike
2-1: Swinging Strike
2-2: Ball
3-2: Foul Ball, location: 2F
3-2: Strikes out looking
Batting: RHB José Rodríguez 0-0: SINGLE (Line Drive, 56D)
Pete Jones scores
Brandon Davis to third
Ryan Martin to second
Runner from 3rd tries for Home, SAFE, no throw
Batting: RHB Glen Madden 0-0: Ball
1-0: Ball
2-0: SINGLE (Line Drive, 6MD)
Ryan Martin to third
José Rodríguez to second
Runner from 3rd tries for Home, SAFE, no throw
Pitching: RHP Ángel Morán
Batting: LHB Greg MacCanish 0-0: Ball
1-0: Ball
2-0: Fly out, F9 (Flyball, 89D)
Bottom of the 3rd over - 4 run(s), 6 hit(s), 0 error(s), 2 left on base; Pueblo 1 - Clearwater 6
TOP OF THE 4TH
Pueblo Prairie Dogs batting - Pitching for Clearwater Crab People : LHP David Bryant
Batting: RHB Dan Crowder 0-0: Fly out, F9 (Flyball, 9LMF)
Batting: RHB José Zumaya 0-0: Ball
1-0: Swinging Strike
1-1: Ball
2-1: Ball
3-1: Base on Balls
Batting: RHB David Adams 0-0: Called Strike
0-1: Swinging Strike
0-2: Ball
1-2: Fly out, F4 (Line Drive, 34)
Batting: RHB Manny Herrera 0-0: Foul Ball, location: 2F
0-1: Foul Ball, location: 2F
0-2: Ball
1-2: Ball
2-2: Strikes out swinging
Top of the 4th over - 0 run(s), 0 hit(s), 0 error(s), 1 left on base; Pueblo 1 - Clearwater 6
BOTTOM OF THE 4TH
Clearwater Crab People batting - Pitching for Pueblo Prairie Dogs : RHP Ángel Morán
Batting: LHB Stanley Smith 0-0: Ball
1-0: Ball
2-0: SINGLE (Groundball, 34) (infield hit)
Batting: SHB Pete Jones 0-0: Foul Ball, location: 2F
0-1: Ball
1-1: Swinging Strike
1-2: Ball
2-2: Strikes out swinging
Batting: RHB Brandon Davis 0-0: Foul Ball, location: 2F
0-1: Ball
1-1: Foul Ball, location: 2F
1-2: Ball
2-2: SINGLE (Line Drive, 4MD)
Stanley Smith to second
Batting: RHB Garry Taylor 0-0: Called Strike
0-1: Ball
1-1: Foul Ball, location: 2F
1-2: Foul Ball, location: 2F
1-2: Foul Ball, location: 2F
1-2: Fly out, F7 (Flyball, 7)
Batting: LHB Ryan Martin 0-0: Ball
1-0: Swinging Strike
1-1: Swinging Strike
1-2: Ball
2-2: Fly out, F9 (Flyball, 9)
Bottom of the 4th over - 0 run(s), 2 hit(s), 0 error(s), 2 left on base; Pueblo 1 - Clearwater 6
TOP OF THE 5TH
Pueblo Prairie Dogs batting - Pitching for Clearwater Crab People : LHP David Bryant
Batting: LHB Bartholomeu Marrafa 0-0: Fly out, F8 (Flyball, 8LS)
Batting: RHB Carlos Villagrama 0-0: Swinging Strike
0-1: Ball
1-1: Ball
2-1: Ball
3-1: Called Strike
3-2: Foul Ball, location: 2F
3-2: Foul Ball, location: 2F
3-2: SINGLE (Groundball, 56S) (infield hit)
Batting: RHB Eric Barthorpe 0-0: Called Strike
0-1: Swinging Strike
0-2: Strikes out swinging
Batting: RHB Jared Williamson 0-0: Called Strike
0-1: Foul Ball, location: 2F
0-2: Strikes out looking
Top of the 5th over - 0 run(s), 1 hit(s), 0 error(s), 1 left on base; Pueblo 1 - Clearwater 6
BOTTOM OF THE 5TH
Clearwater Crab People batting - Pitching for Pueblo Prairie Dogs : RHP Ángel Morán
Batting: RHB Bobby Burks 0-0: Ball
1-0: Swinging Strike
1-1: Swinging Strike
1-2: Ball
2-2: DOUBLE (Flyball, 89M)
Batting: RHB José Rodríguez 0-0: Ball
1-0: Ground out 1-3 (Groundball, 13)
Bobby Burks to third
Batting: RHB Glen Madden 0-0: Ball
1-0: Ground out 4-3 (Groundball, 4)
Bobby Burks scores
Batting: LHB Greg MacCanish 0-0: SINGLE (Flyball, 9LS)
Batting: LHB Stanley Smith 0-0: Called Strike
0-1: Ball
1-1: Ball
2-1: Swinging Strike
2-2: Fly out, F9 (Flyball, 9D)
Bottom of the 5th over - 1 run(s), 2 hit(s), 0 error(s), 1 left on base; Pueblo 1 - Clearwater 7
TOP OF THE 6TH
Pueblo Prairie Dogs batting - Pitching for Clearwater Crab People : LHP David Bryant
Batting: RHB Steve Murphy 0-0: Foul Ball, location: 2F
0-1: SINGLE (Line Drive, 8LS)
Batting: RHB Dan Crowder 0-0: Ball
1-0: Ball
2-0: Called Strike
2-1: Ball
3-1: Called Strike
3-2: Strikes out swinging
Steve Murphy steals 2nd base
Batter strikes out.
Batting: RHB José Zumaya 0-0: Ball
1-0: Ball
Steve Murphy steals 3rd base
2-0: Foul Ball, location: 2F
2-1: Ball
3-1: Swinging Strike
3-2: Foul Ball, location: 2F
3-2: SINGLE (Line Drive, 8LS)
Steve Murphy scores
Pitching: RHP Greg Yager
Batting: RHB David Adams 0-0: Called Strike
0-1: Fly out, F9 (Flyball, 9LSF)
Batting: RHB Manny Herrera Pickoff Throw to First - Out!
Top of the 6th over - 1 run(s), 2 hit(s), 0 error(s), 0 left on base; Pueblo 2 - Clearwater 7
BOTTOM OF THE 6TH
Clearwater Crab People batting - Pitching for Pueblo Prairie Dogs : RHP Ángel Morán
Batting: SHB Pete Jones 0-0: DOUBLE (Line Drive, 8RD)
Batting: RHB Brandon Davis 0-0: Called Strike
0-1: SINGLE (Flyball, 89S)
Pete Jones to third
Batting: RHB Garry Taylor 0-0: Called Strike
0-1: Ball
1-1: Ball
2-1: Ball
3-1: Base on Balls
Brandon Davis to second
Pitching: RHP Dante Piccoli
Batting: LHB Ryan Martin 0-0: Foul Ball, location: 2F
0-1: Swinging Strike
0-2: Ball
1-2: Strikes out looking
Batting: RHB Bobby Burks 0-0: Ball
1-0: Ball
2-0: Called Strike
2-1: Fly out, F9 (Flyball, 89M)
Runner from 3rd tags up, SCORES, throw made
Batting: RHB José Rodríguez 0-0: Ball
1-0: Swinging Strike
1-1: Called Strike
1-2: Foul Ball, location: 2F
1-2: Ball
2-2: Foul Ball, location: 2F
2-2: Reached on error, E1 (Groundball, 13S)
Brandon Davis to third
Garry Taylor to second
Batting: RHB Glen Madden 0-0: Ball
1-0: Foul Ball, location: 2F
1-1: Swinging Strike
1-2: Fielders Choice at 2nd, 6-4 (Groundball, 6)
Bottom of the 6th over - 1 run(s), 2 hit(s), 1 error(s), 2 left on base; Pueblo 2 - Clearwater 8
TOP OF THE 7TH
Pueblo Prairie Dogs batting - Pitching for Clearwater Crab People : RHP Greg Yager
Batting: RHB Manny Herrera 0-0: Ball
1-0: Ground out 5-3 (Groundball, 5)
Batting: LHB Bartholomeu Marrafa 0-0: Foul Ball, location: 2F
0-1: Ball
1-1: Ball
2-1: Swinging Strike
2-2: Strikes out swinging
Batting: RHB Carlos Villagrama 0-0: Swinging Strike
0-1: Ball
1-1: Called Strike
1-2: Ball
2-2: Foul Ball, location: 2F
2-2: Strikes out swinging
Top of the 7th over - 0 run(s), 0 hit(s), 0 error(s), 0 left on base; Pueblo 2 - Clearwater 8
BOTTOM OF THE 7TH
Clearwater Crab People batting - Pitching for Pueblo Prairie Dogs : RHP Dante Piccoli
Batting: LHB Greg MacCanish 0-0: SINGLE (Groundball, 34S) (infield hit)
Batting: LHB Stanley Smith 0-0: Called Strike
0-1: Swinging Strike
0-2: Ball
1-2: Ball
2-2: Foul Ball, location: 2F
2-2: SINGLE (Line Drive, 4D)
Greg MacCanish to second
Batting: SHB Pete Jones 0-0: Swinging Strike
0-1: Ball
1-1: Foul Ball, location: 2F
1-2: Ball
2-2: Foul Ball, location: 2F
2-2: Strikes out swinging
Batting: RHB Brandon Davis 0-0: Ball
1-0: Ball
2-0: Foul Ball, location: 2F
2-1: Fly out, F8 (Flyball, 8RM)
Batting: RHB Garry Taylor 0-0: Ball
1-0: Ball
2-0: Called Strike
2-1: Called Strike
2-2: 3-RUN HOME RUN (Flyball, 7D), Distance : 411 ft
Batting: LHB Ryan Martin 0-0: Called Strike
0-1: Foul Ball, location: 2F
0-2: Strikes out swinging
Bottom of the 7th over - 3 run(s), 3 hit(s), 0 error(s), 0 left on base; Pueblo 2 - Clearwater 11
TOP OF THE 8TH
Pueblo Prairie Dogs batting - Pitching for Clearwater Crab People : RHP Greg Yager
Now at C: Artie Mills
Batting: RHB Eric Barthorpe 0-0: Called Strike
0-1: Ball
1-1: Ground out 6-3 (Groundball, 6)
Batting: RHB Jared Williamson 0-0: Called Strike
0-1: Ball
1-1: SINGLE (Flyball, 9LS)
Batting: RHB Steve Murphy 0-0: Ball
1-0: Ball
2-0: Ball
3-0: Base on Balls
Jared Williamson to second
Batting: RHB Dan Crowder 0-0: Fielders Choice at 2nd, 5-4 (Groundball, 56)
Jared Williamson to third
Batting: RHB José Zumaya 0-0: Called Strike
0-1: Fielders Choice at 2nd, 5-4 (Groundball, 56)
Top of the 8th over - 0 run(s), 1 hit(s), 0 error(s), 1 left on base; Pueblo 2 - Clearwater 11
BOTTOM OF THE 8TH
Clearwater Crab People batting - Pitching for Pueblo Prairie Dogs : RHP Dante Piccoli
Batting: RHB Bobby Burks 0-0: Ball
1-0: Ball
2-0: Called Strike
2-1: Ball
3-1: Fly out, F9 (Flyball, 9S)
Batting: RHB José Rodríguez 0-0: Foul Ball, location: 2F
0-1: Ball
1-1: Ball
2-1: Fly out, F9 (Flyball, 9LM)
Batting: RHB Glen Madden 0-0: Ground out 4-3 (Groundball, 4)
Bottom of the 8th over - 0 run(s), 0 hit(s), 0 error(s), 0 left on base; Pueblo 2 - Clearwater 11
TOP OF THE 9TH
Pueblo Prairie Dogs batting - Pitching for Clearwater Crab People : RHP Greg Yager
Now at 2B: Roald van Bladel
Now in LF: Carlos González
Pinch Hitting: SHB Pancho Morán 0-0: Called Strike
0-1: Swinging Strike
0-2: Ball
1-2: Ball
2-2: Strikes out swinging
Batting: RHB Manny Herrera 0-0: Called Strike
0-1: Ball
1-1: Foul Ball, location: 2F
1-2: DOUBLE (Line Drive, 89M)
Batting: LHB Bartholomeu Marrafa 0-0: Foul Ball, location: 2F
0-1: Ball
1-1: Fly out, F4 (Line Drive, 4)
Batting: RHB Carlos Villagrama 0-0: Ball
1-0: Called Strike
1-1: Reached on error, E6 (Groundball, 6)
Manny Herrera to third
Batting: RHB Eric Barthorpe 0-0: Reached on error, E5 (Groundball, 56S)
Manny Herrera scores
Carlos Villagrama to third
Pinch Hitting: RHB John Newman 0-0: Ball
1-0: Ground out 5-3 (Groundball, 56S)
Top of the 9th over - 1 run(s), 1 hit(s), 2 error(s), 2 left on base; Pueblo 3 - Clearwater 11
Tuesday, August 8th, 2017 - OOTP Baseball 17.12 Build 75